Map: Galactic Process LE

Players

ByRada

  • Race: Zerg Zerg
  • League: Grandmaster
  • Spawn Location: 1:00

JimRising - Winner!

  • Race: Zerg Zerg
  • League: Master
  • Spawn Location: 7:00

Event: Copa América 2016 Grand Finals

VOD

Have the link to the VOD?

Description

Time

  • Played on: Oct. 13, 2016, 2:50 p.m.
  • Length: 9:07

All games in this series

Show
View Real Time Build Order
Export as new Build Order

ByRada Zerg 

Build Orders: Hatch First 

Get SALT Encoding   

  12  0:00  Drone  
  13  0:08  Drone  
  14  0:16  Overlord  
  14  0:23  Extractor, Drone  
  15  0:35  Drone x2  
  17  0:53  Hatchery  
  17  0:56  Drone  
  17  0:59  Drone  
  17  1:01  Extractor  
  17  1:05  Drone  
  18  1:22  Spawning Pool  
  18  1:23  Drone  
  18  1:27  Drone  
  19  1:37  Overlord  
  19  1:51  Drone  
  20  1:58  Drone  
  21  2:08  Queen x2  
  21  2:10  Metabolic Boost  
  21  2:14  Zergling x2  
  26  2:17  Drone  
  26  2:20  Drone  
  28  2:23  Drone  
  28  2:26  Drone  
  30  2:32  Baneling Nest  
  30  2:34  Drone  
  30  2:39  Drone  
  31  2:46  Overlord  
  31  2:53  Drone x2  
  33  3:04  Drone x2  
  34  3:10  Drone  
  35  3:14  Drone  
  35  3:16  Zergling x4  
  35  3:17  Zergling x2  
  35  3:19  Zergling x6  
  42  3:23  Zergling x2  
  43  3:31  Overlord  
  43  3:36  Hatchery  
  42  3:43  Zergling x2  
  42  3:46  Overlord  
  43  3:48  Roach Warren  
  43  3:51  Drone  
  43  3:52  Drone x4  
  43  3:54  Extractor  
  46  4:03  Drone x4  
  49  4:13  Drone  
  49  4:14  Drone  
  46  4:19  Evolution Chamber  
  46  4:23  Zergling x4  
  46  4:24  Zergling x10  
  52  4:34  Lair  
  51  4:39  Drone  
  51  4:40  Drone x2  
  51  4:49  Drone x3  
  47  4:58  Zerg Ground Armor Level 1  
  47  5:02  Overlord  
  47  5:06  Extractor  
  48  5:07  Roach x4  
  48  5:08  Roach x4  
  61  5:17  Roach x2  
  61  5:19  Overlord  
  64  5:21  Overlord  
  64  5:25  Queen  
  64  5:28  Queen  
  68  5:32  Drone x3  
  71  5:35  Drone  
  71  5:36  Drone  
  71  5:41  Roach  
  74  5:43  Glial Reconstitution, Roach  
  74  5:47  Overseer  
  76  5:50  Roach  
  76  5:52  Roach  
  76  5:55  Roach x2  
  84  5:59  Roach x2  
  84  6:00  Roach  
  90  6:09  Overlord  
  90  6:14  Overlord  
  90  6:27  Zergling x4  
  90  6:28  Zergling x12  
  90  6:32  Zergling x2  
  99  6:37  Zergling x6  
  99  6:38  Zergling x2  
  103  6:43  Ravager x3  
  103  6:44  Hydralisk Den  
  103  6:45  Zergling x2  
  106  6:50  Overlord x3  
  91  7:18  Drone x2  
  91  7:19  Hydralisk, Muscular Augments, Drone x4  
  91  7:20  Hydralisk x3  
  101  7:22  Spore Crawler  
  101  7:24  Spore Crawler  
  101  7:26  Spore Crawler  
  101  7:28  Drone x8  
  106  7:33  Spore Crawler  
  106  7:36  Drone  
  97  7:37  Drone  
  97  7:40  Queen  
  92  7:54  Hydralisk x3  
  92  7:55  Hydralisk x3  
  95  8:04  Overlord x2  
  93  8:07  Extractor x2  
  93  8:08  Extractor  
  93  8:10  Hydralisk x3  
  96  8:16  Hydralisk  
  94  8:31  Overlord x2  
  94  8:32  Extractor  
  89  8:46  Roach x8  
Show
View Real Time Build Order
Export as new Build Order

JimRising Zerg - Winner!

Build Orders: Hatch First 

Get SALT Encoding   

  12  0:00  Drone  
  13  0:12  Overlord  
  13  0:17  Drone  
  14  0:30  Drone x2  
  14  0:35  Drone  
  17  0:55  Hatchery  
  16  0:58  Drone  
  16  1:01  Drone  
  16  1:03  Extractor  
  17  1:08  Drone  
  18  1:21  Spawning Pool  
  18  1:24  Drone  
  18  1:27  Drone  
  19  1:38  Overlord  
  19  1:49  Drone  
  20  2:00  Drone  
  21  2:08  Queen  
  21  2:09  Queen  
  21  2:10  Zergling x2  
  21  2:13  Drone  
  27  2:18  Drone  
  27  2:22  Drone  
  29  2:28  Drone  
  30  2:33  Drone  
  31  2:39  Overlord  
  31  2:42  Drone  
  31  2:44  Queen  
  32  2:46  Baneling Nest  
  32  2:50  Drone  
  34  2:53  Drone  
  35  3:04  Drone x2  
  36  3:11  Hatchery  
  35  3:16  Zergling x4  
  37  3:20  Metabolic Boost  
  37  3:22  Overlord  
  37  3:27  Drone  
  37  3:28  Drone  
  37  3:31  Extractor, Drone x2  
  37  3:32  Drone  
  37  3:33  Drone  
  37  3:34  Drone  
  43  3:36  Baneling  
  43  3:41  Baneling  
  43  3:45  Zergling x2, Queen  
  43  3:47  Baneling  
  46  3:49  Zergling x2  
  46  3:52  Overlord  
  47  4:03  Drone x2  
  47  4:04  Drone  
  49  4:11  Zergling x2, Drone  
  49  4:15  Drone  
  52  4:18  Lair  
  52  4:19  Roach Warren  
  51  4:33  Drone x2  
  51  4:37  Overlord  
  53  4:45  Extractor  
  51  4:51  Overlord  
  49  4:55  Drone x3, Spine Crawler  
  49  4:56  Extractor  
  49  4:57  Drone x3  
  53  5:01  Roach  
  53  5:02  Roach x5  
  53  5:03  Drone x2  
  67  5:08  Drone  
  67  5:11  Zergling x4  
  69  5:21  Zergling x4, Spire  
  68  5:26  Drone x4  
  68  5:27  Drone  
  73  5:28  Extractor  
  74  5:35  Drone x2  
  74  5:36  Drone  
  74  5:37  Overlord  
  74  5:39  Extractor  
  74  5:40  Drone x3  
  77  5:46  Roach x2  
  77  5:47  Overlord  
  77  5:49  Drone  
  82  5:55  Overlord  
  82  5:57  Spine Crawler  
  82  6:02  Drone  
  82  6:03  Overlord x2  
  82  6:13  Drone x2  
  84  6:20  Drone  
  84  6:21  Evolution Chamber  
  84  6:26  Roach x6  
  84  6:27  Roach x2  
  84  6:32  Mutalisk x2  
  104  6:35  Mutalisk  
  104  6:36  Mutalisk  
  108  6:40  Mutalisk  
  108  6:42  Zerg Flyer Weapons Level 1  
  108  6:46  Mutalisk  
  112  6:48  Mutalisk  
  112  6:50  Mutalisk  
  116  6:54  Baneling x3  
  116  6:56  Mutalisk  
  116  7:00  Roach x2  
  122  7:07  Mutalisk  
  121  7:09  Zergling x2  
  117  7:18  Mutalisk x2  
  117  7:22  Drone  
  122  7:27  Glial Reconstitution  
  120  8:02  Overlord x2  
  120  8:03  Overlord x3  
  120  8:11  Mutalisk  
  120  8:12  Hatchery  
  121  8:13  Overlord x2  
  119  8:29  Zergling x10  
  119  8:30  Zergling x24  
  119  8:32  Roach x3  
Tags
 
Add a new tag
Caveats
  • Supply blocks, unpowered buildings, or Contaminate may cause inaccurate times.
  • Supply counts are checked every 10 seconds.